 Dungeon Crawl Stone Soup version 0.29-a0-757-g358383bc75 (webtiles) character file.

Game seed: 8570895059053001486

252 buhh the Chiller (level 6, 0/75 HPs)
             Began as an Octopode Transmuter on June 30, 2022.
             Slain by a necrophage (2 damage)
             ... on level 5 of the Dungeon.
             The game lasted 00:06:21 (4026 turns).

buhh the Chiller (Octopode Transmuter)              Turns: 4026, Time: 00:06:22

Health: 0/75       AC:  6    Str:  9    XL:     6   Next: 14%
Magic:  5/9        EV: 14    Int: 24    God:
Gold:   140        SH:  0    Dex: 12    Spells: 2/9 levels left

rFire   x . .      SeeInvis .     - Unarmed
rCold   + + +      Faith    .   (shield currently unavailable)
rNeg    . . .      Spirit   .   (helmet currently unavailable)
rPois   +          Reflect  .   (no amulet)
rElec   .          Harm     .   c - +6 ring of intelligence
rCorr   .          Rampage  .   a - ring of wizardry
Will    .....                   p - +4 ring of evasion
Stlth   ..........              o - ring of flight
HPRegen 0.22/turn               (no ring)
MPRegen 0.11/turn               (no ring)
                                (no ring)
                                (no ring)

@: berserking, ice-form, flying, very quick
A: freezing attack, boosted hp, almost no armour, amphibious, 8 rings, large,
(camouflage 1), (gelatinous body 1), (nimble swimmer 1), (tentacles)
a: End Transformation


You were on level 5 of the Dungeon.
You were a creature of crystalline ice.
You visited 1 branch of the dungeon, and saw 5 of its levels.

You collected 168 gold pieces.
You spent 28 gold pieces at shops.

Inventory:

Missiles
 e - 2 poisoned darts
 j - a throwing net {!f}
Jewellery
 a - a ring of wizardry (right front paw)
 c - a +6 ring of intelligence (left front paw)
 o - a ring of flight (on tentacle)
 p - a +4 ring of evasion (on tentacle)
Scrolls
 b - a scroll of vulnerability
 d - a scroll of noise
 g - a scroll of identify {!d}
 m - a scroll of blinking {unknown}
 u - a scroll of teleportation {unknown}
 X - 2 scrolls of amnesia
Potions
 h - a potion of berserk rage {!q}
 k - a potion of mutation {unknown}
 l - a potion of lignification {!d}
 n - a potion of haste {unknown}
 q - a potion of curing {unknown}
 r - a potion of cancellation {unknown}
 s - a potion of resistance {unknown}
 t - a potion of invisibility {unknown}


   Skills:
 + Level 3.3 Fighting
 - Level 2.0 Dodging
 - Level 3.0 Stealth
 - Level 3.0 Unarmed Combat
 - Level 2.0 Spellcasting
 - Level 2.0 Transmutations
 * Level 4.1 Ice Magic


You had 2 spell levels left.
You knew the following spells:

 Your Spells              Type           Power      Damage    Failure   Level
a - Beastly Appendage     Tmut           24%        N/A       2%          1
b - Wereblood             Tmut           12%        N/A       3%          2
c - Ice Form              Ice/Tmut       17%        N/A       14%         4

Your spell library contained the following spells:

 Spells                   Type           Power      Damage    Failure   Level
 Sting                    Tmut/Pois      28%        1d4       3%          1
 Poisonous Vapours        Pois/Air       4%         N/A       8%          2
 Spider Form              Tmut/Pois      7%         N/A       10%         3
 Olgreb's Toxic Radiance  Pois           2%         N/A       41%         4


Dungeon Overview and Level Annotations

Branches:
Dungeon (4/15) Zot: 25987
 Temple: D:4-7

Altars:
Ashenzari
Hepliaklqana
Wu Jian

Shops:
D:1 *

Annotations:
D:4 1 transporter


Innate Abilities, Weirdness & Mutations

You are a creature of crystalline ice.
You have a powerful freezing melee attack.
Your maximum health is increased.
Your armour is entirely melded.
You are incapable of wielding weapons or throwing items.
You cannot wear most types of armour.
You are amphibious.
You can wear up to eight rings at the same time.
((Your skin changes colour to match your surroundings (Stealth+).))
((Your rubbery body absorbs attacks. (AC +1, EV +1)))
((You are camouflaged when in or above water. (Stealth+)))
((You have tentacles for arms and can constrict up to eight enemies at once.))


Message History

* * * LOW HITPOINT WARNING * * *
The air fills with toxic fumes!
As you read the scroll labelled NUESTR GAEN, it crumbles to dust.
It was a scroll of poison.
The gnoll hits you with a +0 flail.
* * * LOW HITPOINT WARNING * * *
The necrophage barely misses you. The gnoll closely misses you.
The gnoll shaman hits you with a +0 whip.
* * * LOW HITPOINT WARNING * * *
It was a potion of berserk rage.
A red film seems to cover your vision as you go berserk!
You feel yourself moving faster!
You feel mighty!
h - a potion of berserk rage;
t - a metallic cyan potion The necrophage hits you but does no damage.
The gnoll closely misses you. The gnoll hits you but does no damage.
The gnoll shaman completely misses you.
You hit the gnoll. You freeze the gnoll.
You kill the gnoll!
The gnoll shaman misses you. The necrophage hits you.
* * * LOW HITPOINT WARNING * * *
You feel drained. The gnoll misses you.
Your life force feels restored.
You barely miss the gnoll. You punch the gnoll! You freeze the gnoll.
You kill the gnoll!
The gnoll shaman closely misses you. The necrophage hits you.
* * * LOW HITPOINT WARNING * * *
You have reached level 6!
You pummel the gnoll shaman!! You freeze the gnoll shaman!
You kill the gnoll shaman!
Your Ice Magic skill increases to level 4!
You hit the necrophage. You freeze the necrophage.
The necrophage is lightly damaged.
The necrophage hits you.
* * * LOW HITPOINT WARNING * * *
You hit the necrophage. You freeze the necrophage.
The necrophage is moderately damaged.
You punch the necrophage! You freeze the necrophage.
The necrophage is almost destroyed.
The necrophage hits you.
You die...

*****,,*,,,,,,,*≈≈≈≈≈#..,,,***
*,,,,,,*,§☼§☼§,*≈8,8≈#.###,*
*,,,,,,,,§§§☼§,*≈,_,,+...#**###
,,,**,,,,§☼§§☼☼*≈8,8≈#...####.###
,,,,*,,,,§§§§☼§*≈≈≈≈≈#...##......
,,,,,,,,,§§§§☼☼#######§§#........
,,,,,,,,,§§§§§☼§§§§§§§.§.........
**,,,,,,,§☼§§§§n)§☼#§§☼☼..###..##
,,,,,,,,,,,,*#§)Y§§☼§§☼☼#.# #...#
,,,,*,,,,,,,,##)§§§§☼☼#☼###*#....
,*****,,,,,,,*#☼☼§§§☼§##..,*#..#.
** *,,,,,,,..§☼☼§§#☼☼##...*#.###
,****,,,,,,..§§§☼§###☼§§...##....
,,,,*,,,,,..§☼§§§§#*##§#....#....
**,,,,,,,,.§§§§☼§☼#,**##[.......#
*,,,,,,,,,§☼§§§§§§☼,,,*#.......##
,,,,,,,,,,,,.....,**,,*.......##


You could see a necrophage.

Vanquished Creatures
  A gnoll shaman (D:5)
  An iguana (D:5)
  7 gnolls
  2 adders
  An ufetubus (D:4)
  2 worms
  5 dart slugs
  8 orcs
  10 ball pythons
  7 bats
  3 endoplasms
  A giant cockroach (D:2)
  12 goblins
  5 hobgoblins
  5 jackals
  3 quokkas
  5 frilled lizards
  4 kobolds
  6 rats
88 creatures vanquished.

Vanquished Creatures (others)
  9 plants
9 creatures vanquished.

Grand Total: 97 creatures vanquished

Notes
Turn   | Place    | Note
-------+----------+-------------------------------------------
     0 | D:1      | buhh the Octopode Transmuter began the quest for the Orb.
     0 | D:1      | Reached XP level 1. HP: 13/13 MP: 3/3
   228 | D:1      | Reached XP level 2. HP: 8/18 MP: 3/5
   394 | D:1      | Found Qaaz's General Store.
   430 | D:1      | Bought a scroll of identify for 28 gold pieces
  1036 | D:1      | Learned a level 2 spell: Wereblood
  1142 | D:2      | Reached XP level 3. HP: 21/24 MP: 4/6
  1220 | D:2      | Found a faded altar of an unknown god.
  1381 | D:2      | Reached skill level 1 in Ice Magic
  1751 | D:2      | Found an ornate altar of the Wu Jian Council.
  1921 | D:2      | Reached XP level 4. HP: 29/29 MP: 5/7
  2015 | D:2      | Learned a level 4 spell: Ice Form
  2071 | D:3      | Reached skill level 2 in Ice Magic
  2405 | D:3      | Noticed an ogre
  2693 | D:3      | Reached XP level 5. HP: 18/35 MP: 3/8
  2700 | D:3      | Noticed an ogre
  3138 | D:4      | Identified the +6 spear "Reodoug" {venom, Str+2 Int+3
                  | Dex-4}
  3143 | D:4      | Found a transporter.
  3203 | D:4      | Reached skill level 3 in Ice Magic
  3280 | D:4      | Found a broken altar of Ashenzari.
  3874 | D:4      | You are sucked into a shaft and drop 1 floor!
  3874 | D:5      | Entered Level 5 of the Dungeon
  3978 | D:5      | Found a hazy altar of Hepliaklqana.
  4023 | D:5      | Reached XP level 6. HP: 8/42 MP: 5/9
  4024 | D:5      | Reached skill level 4 in Ice Magic
  4024 | D:5      | HP: 2/75 [necrophage (6)]
  4026 | D:5      | Slain by a necrophage

Illustrated notes

Levels and vault maps discovered:
D:1:      matt_arrival_refuge, layout_basic, serial_shops, shop
D:2:      layout_basic, hellmonk_ecumenical_altar_dog_temple, basic_altar,
          minmay_goblin_kobold_house
D:3:      layout_basic, hangedman_abyss_or_decor_stabs, corexii_shack
D:4:      layout_cave_pods, ashenzari_altar_1, gammafunk_ghost_gnarly_gnolls,
          minmay_vboxes
D:5:      layout_cave_pools, nzn_hepliaklqana_mist_gate, kennysheep_little_box

Skill      XL: |  1  2  3  4  5  6 |
---------------+-------------------+-----
Stealth        | 1 3 |  3.0
Ice Magic      | 1 2 3 4 |  4.1
Fighting       | 2 3 |  3.3
Dodging        | |  2.0
Unarmed Combat | |  3.0
Spellcasting   | |  2.0
Transmutations | |  2.0

Action                   |  1- 3 |  4- 6 || total
-------------------------+-------+-------++-------
Melee: Unarmed           |    85 |    99 ||   184
       Kick              |    26 |     7 ||    33
       Constrict         |    22 |    11 ||    33
       Tentacles         |    10 |     7 ||    17
 Cast: Beastly Appendage |    32 |     6 ||    38
       Ice Form          |       |    18 ||    18
  Use: Scroll            |     2 |     5 ||     7
       Potion            |       |     1 ||     1
 Stab: Sleeping          |    17 |     2 ||    19
Armor: Skin              |     5 |    16 ||    21
Dodge: Dodged            |    46 |    51 ||    97

Table legend: (Time is in decaauts)
 A = Elapsed time spent in this place.
 B = Non-inter-level travel time spent in this place.
 C = Inter-level travel time spent in this place.
 D = Time resting spent in this place.
 E = Time spent auto-exploring this place.
 F = Levels seen in this place.
 G = Mean time per level.
                   A        B        C        D        E       F      G
               +--------+--------+--------+--------+--------+-----+--------+
         Total |   4011 |   3916 |     95 |    597 |   2634 |   5 |  802.2 |
       Dungeon |   4011 |   3916 |     95 |    597 |   2634 |   5 |  802.2 |
               +--------+--------+--------+--------+--------+-----+--------+

Top non-repeatable levels by time:
     D:1: 1131 daAuts
     D:2: 1105 daAuts
     D:4: 1059 daAuts
     D:3: 566 daAuts
     D:5: 148 daAuts
